 Dungeon Crawl Stone Soup version 0.19-a0-1732-g0b18a7b (webtiles) character file.

316 4thArraOfDagon the Ruffian (level 6, -3/59 HPs)
             Began as a Troll Monk on Sept 30, 2016.
             Slain by a gnoll
             ... wielding a +0 club
              (5 damage)
             ... on level 7 of the Dungeon.
             The game lasted 00:04:07 (735 turns).

4thArraOfDagon the Ruffian (Troll Monk)              Turns: 735, Time: 00:04:08

Health: -3/59      AC:  5    Str: 20    XL:     6   Next: 20%
Magic:  14/14      EV:  6    Int:  8    God:
Gold:   54         SH: 12    Dex: 12    Spells: 0 memorised, 5 levels left

rFire  . . .     SeeInvis .       - Unarmed
rCold  . . .     Gourm    +     a - +0 robe
rNeg   . . .     Faith    .     c - +0 large shield
rPois  .         Spirit   .     (helmet restricted)
rElec  .         Dismiss  .     (no cloak)
rCorr  .         Reflect  .     (gloves unavailable)
MR     .....     Harm     .     (boots unavailable)
Stlth  +.........               (no amulet)
                                (no ring)
                                i - ring of magical power

@: very slightly contaminated, hasted, very quick
A: unfitting armour, claws 3, fast metabolism 3, gourmand, regeneration 1,
shaggy fur 1, tough skin 2
a: no special abilities


You were on level 7 of the Dungeon.
You were full.

You visited 1 branch of the dungeon, and saw 7 of its levels.

You collected 54 gold pieces.

Inventory:

Armour
 a - a +0 robe (worn)
 c - a +0 large shield (worn)
Jewellery
 i - a ring of magical power (left claw)
Scrolls
 j - a scroll of immolation
Potions
 g - a potion of brilliance
Comestibles
 b - 4 bread rations
 k - a meat ration


   Skills:
 - Level 2.4 Fighting
 - Level 2.4 Dodging
 - Level 1.1 Stealth
 + Level 1.0 Shields
 * Level 6.8 Unarmed Combat


You had 5 spell levels left.
You didn't know any spells.

Dungeon Overview and Level Annotations

Branches:
Dungeon (7/15)
 Temple: D:4-7

Altars:
Dithmenos
Ru

Annotations:
D:4 Eustachio


Innate Abilities, Weirdness & Mutations

You are too large for most types of armour.
You have claws for hands.
Your metabolism is lightning-fast.
You like to eat raw meat.
Your natural rate of healing is unusually fast.
You are covered in fur. (AC +1)
You have very tough skin. (AC +2)


Message History

You kill the orc!
The gnoll sergeant hits you from afar with a trident of protection!
* * * LOW HITPOINT WARNING * * *
Unknown command.
You see here 6 gold pieces.
As you read the scroll of teleportation, it crumbles to dust.
You feel strangely unstable.
Your surroundings suddenly seem different.
You block the gnoll's attack. x2
Unknown command.
Unknown command.
Unknown command.
The gnoll hits you but does no damage. x2; The gnoll hits you with a spear.
* * * LOW HITPOINT WARNING * * *
An orc comes into view.
Unknown command.
The gnoll hits you from afar with a spear!
* * * LOW HITPOINT WARNING * * *
The gnoll hits you with a club.
You die...

########## #.....o..# **##
#.######.# *... #.#
#$#############... ********#.#
#g.......##....... ,,,,,,,,#.#
#gZ......##....... ,,,,,,,,#.#
#.g......##.....Z. ,,,,,,,,#.#
#@#########g....#* ,,,,,,,,..#
#o.())..(.'g....# ,,,,,,,,###**
###########.....# ,,,,,,,,,,,,*
*,,,,*#.....#
,,,,,,,,,,,,********,**,*#####.#*
,,,,,,,,,,,,+,,,,,,,,,,,,,,,,,...
,,,,,,,,,,,,*,,,,,,,***,******,..
***,,,,,,,,,*,,,,,,,***,******,..
*>,,,,,,,,,,,,,,,,+,,,,,,,,,,,,


You could see 3 gnolls, an orc (wandering) and a bullfrog skeleton.

Vanquished Creatures
  Blork the orc (D:6)
  2 bullfrogs
  An orc priest (D:6)
  An orc wizard (D:3)
  2 gnolls
  2 adders (D:6)
  An ooze (D:6)
  A dart slug (D:3)
  4 leopard geckos
  9 orcs
  A giant cockroach (D:6)
  2 rats (D:3)
27 creatures vanquished.

Vanquished Creatures (others)
  2 orcs (D:3)
2 creatures vanquished.

Grand Total: 29 creatures vanquished

Notes
Turn   | Place    | Note
-------+----------+-------------------------------------------
     0 | D:1      | 4thArraOfDagon the Troll Monk began the quest for the Orb.
     0 | D:1      | Reached XP level 1. HP: 22/22 MP: 0/0
   155 | D:2      | Found a sacrificial altar of Ru.
   255 | D:2      | Found a shadowy altar of Dithmenos.
   283 | D:3      | Reached XP level 2. HP: 24/29 MP: 1/1
   302 | D:3      | Reached skill level 4 in Unarmed Combat
   302 | D:3      | Reached XP level 3. HP: 36/36 MP: 2/2
   355 | D:4      | Noticed Eustachio
   368 | D:5      | Entered Level 5 of the Dungeon
   424 | D:6      | Noticed a bullfrog
   432 | D:6      | Killed a bullfrog
   432 | D:6      | Reached skill level 5 in Unarmed Combat
   432 | D:6      | Reached XP level 4. HP: 32/44 MP: 3/3
   454 | D:6      | Noticed Blork the orc
   477 | D:6      | Killed Blork the orc
   477 | D:6      | Reached skill level 6 in Unarmed Combat
   477 | D:6      | Reached XP level 5. HP: 29/50 MP: 4/4
   710 | D:7      | Reached skill level 1 in Shields
   710 | D:7      | Reached XP level 6. HP: 23/59 MP: 5/5
   735 | D:7      | HP: 2/59 [gnoll/spear (7)]
   735 | D:7      | Slain by a gnoll

Vault maps used:
D:1:      dpeg_arrival_water_temple_mockup
D:2:      lemuel_coloured_pillars_altar, lemuel_round_altar,
          grunt_dithmenos_smoke_and_mirrors
D:3:      yredelemnul_forgotten_temple_becter, vehumet_crystals
D:4:      mumra_celtic_spiral_tile, lemuel_doored_altar, first_bread,
          uniq_eustachio
D:5:      tgw_sif, kennysheep_boxes
D:6:      lemuel_crystal_altar, st_stairs_7, kennysheep_generic_room_14,
          uniq_blork_the_orc
D:7:      enter_bailey_2, uniq_joseph, uniq_menkaure

Skill      XL: |  1  2  3  4  5 |
---------------+----------------+-----
Unarmed Combat | 4 5 6 |  6.8
Shields        | 1 |  1.0
Fighting       | |  2.4
Dodging        | |  2.4
Stealth        | |  1.1

Action                   |  1- 3 |  4- 6 || total
-------------------------+-------+-------++-------
Melee: Unarmed           |    33 |    69 ||   102
  Use: Potion            |     4 |     2 ||     6
       Scroll            |       |     4 ||     4
 Stab: Invisible         |     2 |       ||     2
  Eat: Chunk             |     2 |     8 ||    10
Armor: Robe              |    32 |    11 ||    43
Dodge: Dodged            |    74 |    10 ||    84
Block: Large shield      |       |    25 ||    25
